Map: Galactic Process LE

Players

Hierarch - Winner!

  • Race: Protoss Protoss
  • Spawn Location: 1:00

Fropez

  • Race: Protoss Protoss
  • League: Gold
  • Spawn Location: 7:00

VOD

Have the link to the VOD?

Description

Time

  • Played on: Oct. 22, 2016, 9:58 p.m.
  • Length: 6:43
Show
View Real Time Build Order
Export as new Build Order

Hierarch Protoss - Winner!

Build Orders: Dark Templar Rush 

Get SALT Encoding   

  12  0:01  Probe (Chrono Boost)  
  13  0:12  Probe (Chrono Boost)  
  14  0:24  Pylon  
  14  0:26  Probe (Chrono Boost)  
  15  0:42  Probe (Chrono Boost)  
  16  0:44  Gateway  
  16  0:53  Probe (Chrono Boost)  
  16  0:54  Assimilator  
  17  0:58  Assimilator  
  17  1:03  Probe (Chrono Boost)  
  18  1:11  Pylon  
  18  1:19  Probe (Chrono Boost)  
  19  1:32  Zealot  
  21  1:40  Probe (Chrono Boost)  
  21  1:45  Cybernetics Core  
  21  1:52  Probe (Chrono Boost)  
  22  2:06  Probe (Chrono Boost)  
  23  2:28  Probe (Chrono Boost)  
  24  2:32  Twilight Council  
  24  2:40  Probe (Chrono Boost)  
  25  2:50  Probe (Chrono Boost)  
  26  3:01  Probe (Chrono Boost)  
  26  3:03  Pylon  
  26  3:04  Zealot  
  29  3:13  Dark Shrine  
  29  3:14  Pylon  
  29  3:16  Probe (Chrono Boost)  
  29  3:18  Warp Gate (Chrono Boost)  
  30  3:36  Probe  
  31  4:00  Gateway  
  31  4:02  Gateway  
  30  4:27  Dark Templar (Chrono Boost)  
  32  4:33  Probe  
  32  4:36  Nexus  
  33  4:56  Gateway  
  33  5:08  Dark Templar  
  33  5:10  Dark Templar  
  37  5:26  Dark Templar  
  37  6:01  Dark Templar x2  
  37  6:02  Dark Templar  
  43  6:32  Dark Templar  
Show
View Real Time Build Order
Export as new Build Order

Fropez Protoss 

Build Orders: 1 Gate Expand 

Get SALT Encoding   

  12  0:01  Probe (Chrono Boost)  
  13  0:16  Pylon  
  13  0:17  Probe (Chrono Boost)  
  14  0:27  Probe (Chrono Boost)  
  15  0:38  Probe (Chrono Boost)  
  15  0:40  Gateway  
  16  0:48  Probe (Chrono Boost), Assimilator  
  17  0:59  Probe (Chrono Boost)  
  18  1:07  Gateway  
  18  1:10  Probe (Chrono Boost)  
  19  1:20  Probe (Chrono Boost)  
  20  1:31  Probe (Chrono Boost)  
  21  1:43  Nexus  
  22  1:47  Probe (Chrono Boost)  
  22  1:57  Probe (Chrono Boost)  
  22  2:00  Cybernetics Core  
  23  2:08  Probe (Chrono Boost)  
  23  2:18  Assimilator  
  23  2:22  Pylon  
  23  2:25  Pylon  
  23  2:37  Warp Gate (Chrono Boost)  
  23  2:41  Mothership Core (Chrono Boost)  
  25  2:44  Stalker  
  25  2:47  Stalker  
  29  2:58  Pylon  
  29  2:59  Probe (Chrono Boost)  
  29  3:03  Probe (Chrono Boost)  
  31  3:14  Probe (Chrono Boost)  
  31  3:17  Stalker  
  34  3:26  Pylon, Probe  
  35  3:30  Probe  
  36  3:41  Probe  
  36  3:42  Twilight Council, Probe  
  38  3:50  Stalker  
  40  3:56  Assimilator  
  40  3:59  Assimilator  
  40  4:02  Pylon  
  42  4:10  Probe x2  
  44  4:19  Gateway  
  42  4:41  Gateway  
  42  4:42  Probe, Gateway  
  42  4:43  Probe  
  44  4:51  Forge  
  44  4:55  Probe  
  44  4:58  Probe, Gateway  
  45  5:00  Assimilator  
  45  5:05  Stalker  
  48  5:09  Stalker  
  48  5:14  Probe x2  
  52  5:33  Pylon  
  52  5:35  Pylon  
  52  5:36  Photon Cannon  
  52  5:38  Probe x2  
  54  5:49  Probe, Photon Cannon  
  54  5:51  Probe  
  45  6:05  Probe  
  45  6:08  Photon Cannon  
  41  6:22  Photon Cannon  
  41  6:24  Pylon  
  41  6:29  Pylon  
  41  6:34  Pylon  
Tags
 
Add a new tag
Caveats
  • Supply blocks, unpowered buildings, or Contaminate may cause inaccurate times.
  • Supply counts are checked every 10 seconds.